Match 39218065
Unlisted

Match 39218065
End
Vickers Machine Gun Team
Construct Section Command Post
Infantry Section
Infantry Section
Infantry Section
Construct Platoon Command Post
Humber Armored Car
Infantry Training
Selects Indian Artillery Battlegroup
Selects War Cry
Selects Gurkha Rifles Section
Gurkha Rifles Section
Construct Field Infirmary
6-pounder Anti-tank Gun Team
STALKER4732
Devochkin
deadsadbadmad
demenza058
0
0

Comments sign in to comment!

No comments posted yet!